 Dungeon Crawl Stone Soup version 0.27-b1-41-gafb5482f4b (webtiles) character file.

Game seed: 16350571913601819865

59 RubberyChicken the Skirmisher (level 4, 0/37 HPs)
             Began as a Formicid Fighter on July 29, 2021.
             Slain by Natasha (7 damage)
             ... on level 2 of the Dungeon.
             The game lasted 00:02:02 (1296 turns).

RubberyChicken the Skirmisher (Formicid Fighter)    Turns: 1296, Time: 00:02:02

Health: 0/37       AC:  8    Str: 22    XL:     4   Next: 22%
Magic:  4/4        EV:  8    Int:  7    God:
Gold:   41         SH:  9    Dex: 10    Spells: 3/3 levels left

rFire    . . .     SeeInvis +   a - +0 war axe
rCold    . . .     Faith    .   c - +0 kite shield
rNeg     + . .     Spirit   .   b - +0 scale mail
rPois    .         Reflect  .   (helmet unavailable)
rElec    .         Harm     .   (no cloak)
rCorr    .         Rampage  .   (no gloves)
Will     .....                  e - +0 pair of boots
Stlth    ..........             (no amulet)
HPRegen  0.12/turn              h - ring of positive energy
MPRegen  0.09/turn              (no ring)

@: no status effects
A: permanent stasis, dig shafts and tunnels, antennae 3, four strong arms
a: Dig, Shaft Self


You were on level 2 of the Dungeon.
You visited 1 branch of the dungeon, and saw 2 of its levels.

You collected 41 gold pieces.

Inventory:

Hand Weapons
 a - a +0 war axe (weapon)
Armour
 b - a +0 scale mail (worn)
 c - a +0 kite shield (worn)
 e - a +0 pair of boots (worn)
Jewellery
 h - a ring of positive energy (left hand)
Wands
 j - a wand of charming (9)
Scrolls
 g - a scroll of identify {unknown}
 i - a scroll of fear {unknown}
Potions
 d - a potion of might
 f - a potion of haste {unknown}


   Skills:
 + Level 4.0 Fighting
 * Level 3.6 Axes
 - Level 3.2 Armour
 - Level 3.6 Shields


You had 3 spell levels left.
You didn't know any spells.
Your spell library was empty.

Dungeon Overview and Level Annotations

Branches:
Dungeon (2/15)

Altars:

Annotations:
D:2 Natasha


Innate Abilities, Weirdness & Mutations

You cannot be hasted, slowed, berserked, paralysed or teleported.
You can dig through walls and to a lower floor.
You have a pair of large antennae on your head. (SInv)
Your four strong arms can wield two-handed weapons with a shield.


Message History

Natasha claws you. The crimson imp barely misses you.
Unknown command.
You completely miss Natasha.
Natasha is almost dead.
You hit the crimson imp. You barely miss the crimson imp.
You block the crimson imp's attack. Natasha casts a spell at you.
The magic dart hits you.
The crimson imp hits you but does no damage.
You block the crimson imp's attack. Natasha claws you.
* * * LOW HITPOINT WARNING * * *
Unknown command.
You barely miss Natasha.
Natasha is almost dead.
You miss the crimson imp. You closely miss the crimson imp.
You block the crimson imp's attack.
The crimson imp blinks!
Natasha completely misses you.
The crimson imp grins evilly.
You block the crimson imp's attack.
You barely miss Natasha.
Natasha is almost dead.
You closely miss the crimson imp.
The crimson imp blinks!
Natasha casts a spell at you. The magic dart hits you.
* * * LOW HITPOINT WARNING * * *
The crimson imp hits you but does no damage.
You block Natasha's attack.
Unknown command.
You closely miss Natasha.
Natasha is almost dead.
You hit the crimson imp but do no damage.
The crimson imp blinks!
Natasha closely misses you.
The crimson imp disappears for a moment.
The crimson imp blinks! x2
Unknown command.
Okay, then.
You barely miss Natasha.
Natasha is almost dead.
Natasha claws you!
You die...

{#....#.#..####..#
#.#######
##.#.#..........# #.#
#.#.#.##..###.## #.#
#.#.......# #.# #.#
##.###.##..###.####.#
#......##..##.......#
.#########...#..######
{................#
.#########..@#.#####.#
{ #...#...h........
#.#.#.#...#####
#...[.#...<...#
###.#.5...........
#.#.#...ยง#.##.##
#.#.........#
#...#.#..#..#
###.#.#.....#


You could see Natasha and a crimson imp (summoned).

Vanquished Creatures
  Natasha (D:2)
  An adder (D:2)
  A worm (D:2)
  A dart slug (D:1)
  4 bats
  An endoplasm (D:1)
  2 giant cockroaches (D:1)
  A goblin (D:1)
  A hobgoblin (D:1)
  2 kobolds
  A quokka (D:2)
  2 frilled lizards
  3 rats (D:1)
21 creatures vanquished.

Notes
Turn   | Place    | Note
-------+----------+-------------------------------------------
     0 | D:1      | RubberyChicken the Formicid Fighter began the quest for the
                  | Orb.
     0 | D:1      | Reached XP level 1. HP: 18/18 MP: 1/1
   159 | D:1      | Reached XP level 2. HP: 20/24 MP: 2/2
   857 | D:2      | Reached XP level 3. HP: 24/29 MP: 3/3
   965 | D:2      | Noticed Natasha
   977 | D:2      | Killed Natasha
   978 | D:2      | Reached skill level 4 in Fighting
   978 | D:2      | Reached XP level 4. HP: 11/37 MP: 4/4
  1282 | D:2      | Noticed Natasha
  1296 | D:2      | Slain by Natasha

Illustrated notes

Levels and vault maps discovered:
D:1:      lightli_arrival_statuegarden, layout_loops_ring
D:2:      layout_basic, basic_altar, uniq_natasha, uniq_robin, uniq_sigmund

Skill      XL: |  1  2  3 |
---------------+----------+-----
Axes           | 3 |  3.6
Fighting       | 4 |  4.0
Armour         | |  3.2
Shields        | |  3.6

Action                   |  1- 3 |  4- 6 || total
-------------------------+-------+-------++-------
Melee: War axe           |    77 |    17 ||    94
Armor: Scale mail        |    36 |     6 ||    42
Dodge: Dodged            |    23 |     6 ||    29
Block: Kite shield       |    48 |    10 ||    58
